 Dungeon Crawl Stone Soup version 0.24-a0-441-g27f0392e16 (webtiles) character file.

Game seed: 11167194339378172624

266682 GeneralDoubt the Slayer (level 19, -2/256 HPs)
             Began as a Minotaur Berserker on June 10, 2019.
             Was a High Priest of Trog.
             Killed from afar by a raiju (4 damage)
             ... with a living lightning
             ... on level 2 of the Abyss on June 19, 2019.
             The game lasted 03:30:04 (41147 turns).

GeneralDoubt the Slayer (Minotaur Berserker)       Turns: 41147, Time: 03:30:04

Health: -2/256     AC: 33    Str: 32 (33) XL:     19   Next: 33%
Magic:  18/18      EV: 10    Int:  0 (5)  God:    Trog [*****.]
Gold:   367        SH: 16    Dex: 10      Spells: 18/18 levels left

rFire    + + .     SeeInvis .   h - +7 broad axe (freeze)
rCold    + . .     Gourm    .   n - +1 shield
rNeg     + . .     Faith    .   J - +6 plate armour {rF+}
rPois    .         Spirit   .   (helmet restricted)
rElec    +         Reflect  .   s - scarf {rC+ rF+}
rCorr    .         Harm     .   Q - +2 pair of gloves
MR       ++...                  p - +2 pair of boots {run}
Stlth    ..........             d - amulet "Rakk" {Acrobat rElec rN+ Str+3}
HPRegen  0.52/turn              B - ring of stealth
MPRegen  0.16/turn              H - ring of protection from magic

@: berserking, slowed, lost intelligence, quick
A: retaliatory headbutt, horns 2, frail 1, mutation resistance 1, [screaming 2],
[weak 2]
}: 2/15 runes: decaying, serpentine
a: Berserk, Trog's Hand, Brothers in Arms, Renounce Religion


You were on level 2 of the Abyss.
You worshipped Trog.
Trog was extremely pleased with you.
You were not hungry.

You visited 7 branches of the dungeon, and saw 34 of its levels.
You visited the Abyss 1 time.
You also visited: Gauntlet and Ice Cave.

You collected 2832 gold pieces.
You spent 2465 gold pieces at shops.

Inventory:

Hand Weapons
 h - a +7 broad axe of freezing (weapon)
 r - a +3 antimagic battleaxe
 w - a +5 antimagic broad axe
 P - a +7 broad axe of flaming
Armour
 n - a +1 shield (worn)
 p - a +2 pair of boots of running (worn)
 s - a scarf of resistance (worn)
 J - a +6 plate armour of fire resistance (worn)
 Q - a +2 pair of gloves (worn)
 Y - a scarf of spirit shield
Jewellery
 a - a +2 ring of slaying
 d - the amulet "Rakk" (around neck) {Acrobat rElec rN+ Str+3}
   (You took it off Rupert on level 6 of the Lair of Beasts)

   [amulet of the acrobat]

   It helps you evade while moving and waiting.
   It affects your strength (+3).
   It insulates you from electricity.
   It protects you from negative energy.
 l - an uncursed ring of fire
 t - an uncursed ring of flight
 y - an uncursed ring of positive energy
 A - a +4 ring of strength
 B - a ring of stealth (left hand)
 E - an uncursed ring of protection from fire
 H - a ring of protection from magic (right hand)
 L - an uncursed ring of ice
 N - an uncursed ring of positive energy
 V - an uncursed ring of poison resistance
Wands
 M - a wand of digging (13)
 O - a wand of paralysis (31)
 W - a wand of clouds (4)
Scrolls
 b - 4 scrolls of blinking
 e - 7 scrolls of identify
 f - 16 scrolls of remove curse
 i - 9 scrolls of magic mapping
 k - 9 scrolls of teleportation
 o - 8 scrolls of fog
 u - a scroll of silence
 U - 7 scrolls of fear
Potions
 g - 17 potions of curing
 m - 3 potions of might
 q - 4 potions of cancellation
 v - 4 potions of ambrosia
 x - 3 potions of mutation
 z - 3 potions of brilliance
 C - a potion of magic
 D - 10 potions of lignification
 F - 3 potions of invisibility
 I - 6 potions of haste
 K - 5 potions of agility
 R - 3 potions of flight
 T - 2 potions of berserk rage
 Z - 4 potions of resistance
Comestibles
 c - 31 rations


   Skills:
 + Level 21.8 Fighting
 - Level 20.0 Axes
 + Level 21.7 Armour
 - Level 2.5 Dodging
 - Level 16.0 Shields


You had 18 spell levels left.
You didn't know any spells.
Your spell library was empty.

Dungeon Overview and Level Annotations

Branches:
Dungeon (15/15)            Temple (1/1) D:5            Lair (6/6) D:11
  Swamp (4/4) Lair:2        Snake (4/4) Lair:3        Slime (0/5) Lair:5
    Orc (2/2) D:11            Elf (0/3) Orc:2        Vaults (2/5) D:13
 Depths (0/5) D:15
  Crypt: Vaults:2-3

Altars:
Ashenzari
Cheibriados
Dithmenos
Elyvilon
Fedhas
Gozag
Hepliaklqana
Kikubaaqudgha
Makhleb
Nemelex Xobeh
Okawaru
Qazlal
Ru
Sif Muna
Trog
Uskayaw
Vehumet
Wu Jian
Xom
Yredelemnul
Zin
The Shining One
Beogh
Jiyva

Shops:
D:6 ?   D:7 !   D:8 !![(   D:12 [   D:13 :   D:14 ?   Orc:2 ?[=}   Snake:1 ?
Snake:2 }==   Vaults:1 =!:!

Portals:
Trove: D:13 (give +0 pearl dragon scales)


Innate Abilities, Weirdness & Mutations

You reflexively headbutt those who attack you in melee.
You have a pair of horns on your head.
You are frail. (-10% HP)
You are somewhat resistant to further mutation.
[You sometimes yell uncontrollably at your foes.]
[You are very weak. (Str -4)]


Message History

Your +2 pair of boots of running unmelds from your body.
Your +6 plate armour of fire resistance unmelds from your body.
You feel resistant to extremes of temperature.
You feel quick.
You feel resistant to fire. The raiju bites you but does no damage.
The bone dragon closely misses you.
You block the bone dragon's attack. x2; The raiju bites you but does no damage.
You slice the bone dragon!! You freeze the bone dragon.
You headbutt the bone dragon!
The bone dragon is heavily damaged.
You closely miss the raiju. You slice the raiju!! You freeze the raiju!
You slash the raiju! You freeze the raiju.
You kill the raiju!
Trog accepts your kill.
The blink frog blinks!
You block the orange demon's attack.
The blink frog blinks!
The raiju bursts into living lightning!
The living lightning hits you. You resist.
* * * LOW HITPOINT WARNING * * *
The living lightning hits you. You resist.
You die...

. . #. #. ..##
#... #### #. #
.4#. .#... ## .#
##.##.h###.. .
#.@h§## .#..
#..##DhF.#..#.#
# .§X$......
#..#.#...#.#..##
§#.##F#.##. # ##
..#.. #.# #.h.##
###.....#F . . .
# .# #.F ..#..
.. ## ... .# ..
#


You could see a bone dragon, an orange demon, a large abomination, 3 raiju and 3
blink frogs.

Vanquished Creatures
  the Lernaean hydra (Swamp:4)
  Bai Suzhen (Snake:3)
  Vashnia (Snake:2)
  Rupert (Lair:6)
  Asterion (Snake:1)
  A sphinx (Vaults:1)
  Frances (D:12)
  4 thorn hunters
  Donald (Orc:1)
  Agnes (Snake:3)
  Kirke (Snake:3)
  Roxanne (Swamp:4)
  8 nagarajas
  3 vault wardens (Vaults:1)
  Aizul (Snake:3)
  3 ironheart preservers (Vaults:1)
  2 stone giants (Vaults:2)
  The ghost of Hasart the Scorcher, a journeyman DEFE of Sif Muna (Swamp:4)
  4 very ugly things (Vaults:1)
  A lorocyproca (Abyss:2)
  A minotaur (Gauntlet)
  A fire dragon (Vaults:1)
  An eidolon (Abyss:2)
  2 yaktaur captains (Vaults:2)
  6 ogre magi
  The ghost of Azzok the Cleaver, a journeyman FoFi of Okawaru (Orc:2)
  Fannar (Lair:1)
  An ice dragon (Vaults:1)
  A great orb of eyes (Vaults:1)
  A vault guard (Vaults:1)
  18 hydras
  2 rakshasas
  A shambling mangrove (Swamp:3)
  9 naga warriors
  9 centaur warriors
  10 anacondas
  A catoblepas (Lair:5)
  14 alligators
  25 two-headed ogres
  A thrashing horror (Abyss:2)
  8 shock serpents
  12 naga sharpshooters
  2 wretched stars
  Nergalle (Lair:1)
  A deep elf knight (D:13)
  A shadow wraith (Vaults:1)
  5 skeletal warriors (D:15)
  A salamander mystic (Snake:4)
  2 unseen horrors
  2 spriggan druids (Swamp:4)
  A glowing orange brain (D:15)
  7 naga ritualists
  8 orc knights
  8 swamp dragons
  2 wizards
  3 ironbrand convokers (Vaults:1)
  A phantasmal warrior (Vaults:2)
  4 deep elf magi (D:13)
  10 mana vipers
  2 orc sorcerers
  A glowing shapeshifter (D:15)
  An orb spider (shapeshifter) (Vaults:1)
  20 ugly things
  The ghost of Torax the Frost Mage, a novice FeIE of Ru (D:12)
  6 cyclopes
  3 wolf spiders
  6 salamanders
  A black mamba (shapeshifter) (Vaults:1)
  Psyche (D:12)
  A guardian serpent (Snake:2)
  7 vault sentinels
  31 black mambas
  A gargoyle (D:10)
  10 naga magi
  4 centaur zombies
  A torpor snail (Lair:6)
  39 spiny frogs
  A rime drake (Lair:5)
  5 kobold demonologists (D:14)
  A freezing wraith (Vaults:2)
  A komodo dragon (shapeshifter) (Gauntlet)
  9 yaktaurs
  An efreet (D:14)
  A demonic crawler (Abyss:2)
  12 komodo dragons
  9 tyrant leeches
  3 meliai (shapeshifter) (D:15)
  4 polar bears (Lair:6)
  A troll (shapeshifter) (D:15)
  9 hornets
  A blink frog (shapeshifter) (D:13)
  6 bog bodies
  26 blink frogs
  10 hippogriffs
  2 raiju (Abyss:2)
  24 slime creatures
  A meliai zombie (D:15)
  4 spriggans
  A flying skull (Abyss:2)
  2 shadows
  Eustachio (D:6)
  6 wyverns
  3 hogs (Snake:3)
  51 yaks
  5 hungry ghosts
  10 basilisks
  A human (shapeshifter) (D:15)
  4 chaos spawn
  19 vampire mosquitoes
  4 neqoxecs
  Edmund (D:4)
  3 wargs (Vaults:1)
  13 water moccasins
  50 nagas
  11 swamp worms
  13 insubstantial wisps
  A soldier ant (D:13)
  An acid dragon (Vaults:1)
  7 porcupines
  5 small abominations
  35 orc warriors
  8 swamp drakes
  A necrophage (D:12)
  An eye of draining (D:14)
  2 sky beasts
  2 black bears
  12 ice beasts
  6 phantoms
  A black bear (shapeshifter) (D:12)
  An ettin simulacrum (Vaults:1)
  3 boggarts (Vaults:1)
  20 ogres
  8 crocodiles
  13 wolves
  19 centaurs
  5 big kobolds
  29 bullfrogs
  2 gnoll sergeants
  A wyvern zombie (D:10)
  3 scorpions
  54 killer bees
  9 wights
  5 howler monkeys
  4 electric eels
  6 crimson imps
  A human simulacrum (Vaults:1)
  3 quasits
  3 bullfrog zombies
  6 hounds
  3 bullfrog skeletons
  10 orc wizards
  8 orc priests
  4 iguanas
  5 jellies
  6 centaur skeletons
  3 worker ants
  5 hell rats (Lair:6)
  A hound zombie (D:10)
  A hound skeleton (D:8)
  A worker ant zombie (D:8)
  23 gnolls
  8 adders
  A howler monkey skeleton (D:5)
  5 shadow imps
  A white imp (Vaults:2)
  An ufetubus (Abyss:2)
  7 oozes
  3 adder zombies
  3 adder skeletons
  3 worms
  2 dart slugs
  11 leopard geckos
  62 orcs
  12 bats
  4 giant cockroaches
  5 hobgoblins
  5 jackals
  3 quokkas
  2 ball pythons
  2 frilled lizards
  11 goblins
  19 kobolds
  A leopard gecko skeleton (D:5)
  A leopard gecko zombie (D:5)
  A quokka skeleton (D:7)
  2 rats
  5 fungi
  5 plants
1220 creatures vanquished.

Vanquished Creatures (others)
  Nikola (Swamp:2)
  A thrashing horror (Abyss:2)
  A swamp drake (Swamp:1)
  A quokka (D:5)
  2 briar patches (Swamp:3)
  44 fungi
  86 plants
  7 starspawn tentacles (Abyss:2)
143 creatures vanquished.

Grand Total: 1363 creatures vanquished

Notes
Turn   | Place    | Note
-------+----------+-------------------------------------------
     0 | D:1      | GeneralDoubt the Minotaur Berserker began the quest for the
                  | Orb.
     0 | D:1      | Reached XP level 1. HP: 19/19 MP: 0/0
   181 | D:1      | Reached XP level 2. HP: 27/27 MP: 1/1
  1066 | D:2      | Reached XP level 3. HP: 33/33 MP: 2/2
  1082 | D:2      | Found a radiant altar of Vehumet.
  1083 | D:2      | Found a hide-covered altar of Uskayaw.
  1128 | D:2      | Reached ** piety under Trog
  1280 | D:2      | Noticed a scorpion
  1287 | D:2      | Killed a scorpion
  1287 | D:2      | Reached XP level 4. HP: 41/41 MP: 3/3
  1306 | D:2      | Reached skill level 5 in Axes
  2027 | D:3      | Found an ornate altar of the Wu Jian Council.
  2142 | D:4      | Reached XP level 5. HP: 47/47 MP: 4/4
  2345 | D:4      | Reached skill level 1 in Shields
  2467 | D:4      | Noticed Edmund
  2479 | D:4      | Killed Edmund
  2479 | D:4      | Reached skill level 5 in Fighting
  2479 | D:4      | Reached XP level 6. HP: 56/56 MP: 5/5
  2956 | D:5      | Entered Level 5 of the Dungeon
  3101 | D:5      | Noticed an ice beast
  3114 | D:5      | Killed an ice beast
  3114 | D:5      | Reached *** piety under Trog
  3114 | D:5      | Reached XP level 7. HP: 26/61 MP: 6/6
  3514 | D:5      | Found a staircase to the Ecumenical Temple.
  3529 | Temple   | Entered the Ecumenical Temple
  3531 | Temple   | Reached skill level 5 in Armour
  3755 | D:5      | Found a white marble altar of Elyvilon.
  3882 | D:5      | Found a shadowy altar of Dithmenos.
  4158 | D:6      | Reached XP level 8. HP: 48/70 MP: 7/7
  4567 | D:6      | Noticed Eustachio
  4669 | D:6      | Found a shattered altar of Ashenzari.
  4717 | D:6      | Killed Eustachio
  4717 | D:6      | Reached skill level 5 in Shields
  5264 | D:6      | Found Nuahen's Magic Scroll Boutique.
  5269 | D:6      | Bought a scroll of enchant armour for 112 gold pieces
  5269 | D:6      | Bought a scroll of teleportation for 45 gold pieces
  5269 | D:6      | Bought a scroll of teleportation for 45 gold pieces
  5644 | D:7      | Noticed a hippogriff
  5657 | D:7      | Killed a hippogriff
  5657 | D:7      | Reached XP level 9. HP: 49/79 MP: 8/8
  5914 | D:7      | Reached skill level 10 in Axes
  5919 | D:7      | Reached **** piety under Trog
  6214 | D:7      | Found Ulen's Distillery.
  6223 | D:7      | Bought 2 potions of curing for 66 gold pieces
  6223 | D:7      | Bought a potion of curing for 33 gold pieces
  6223 | D:7      | Bought a potion of curing for 33 gold pieces
  6654 | D:8      | Found Soarghash's Distillery.
  7247 | D:8      | Found Axat Zeov's Armour Shoppe.
  7249 | D:8      | Found Noiwun's Antique Weapon Shoppe.
  7365 | D:8      | Found Ysepnahu's Distillery.
  8261 | D:10     | Entered Level 10 of the Dungeon
  8286 | D:10     | Reached XP level 10. HP: 89/90 MP: 9/9
  8323 | D:10     | Noticed a gargoyle
  8337 | D:10     | Killed a gargoyle
  8556 | D:10     | Noticed a two-headed ogre
  8580 | D:10     | Killed a two-headed ogre
  8791 | D:10     | Reached ***** piety under Trog
  9186 | D:10     | You fall into a shaft and drop 1 floor!
  9343 | D:10     | Paralysed by a hornet for 1 turns
  9691 | D:11     | Noticed a two-headed ogre
  9699 | D:11     | Killed a two-headed ogre
  9699 | D:11     | Reached XP level 11. HP: 99/99 MP: 10/10
  9796 | D:11     | Found a hide-covered altar of Uskayaw.
  9824 | D:11     | Noticed a two-headed ogre
  9839 | D:11     | Killed a two-headed ogre
  9839 | D:11     | Reached skill level 10 in Fighting
 10439 | D:11     | Noticed a purple ugly thing
 10696 | D:11     | Killed a purple ugly thing
 10882 | D:11     | Found a staircase to the Orcish Mines.
 10926 | D:11     | Reached skill level 10 in Armour
 11127 | D:11     | Found a roughly hewn altar of Beogh.
 11289 | D:11     | Found a staircase to the Lair.
 11581 | Lair:1   | Entered Level 1 of the Lair of Beasts
 12402 | Lair:1   | Noticed Nergalle
 12417 | Lair:1   | Killed Nergalle
 12498 | Lair:1   | Received a gift from Trog
 12552 | Lair:1   | Reached skill level 10 in Shields
 12657 | Lair:1   | Reached XP level 12. HP: 110/110 MP: 11/11
 13123 | Lair:1   | Reached skill level 15 in Axes
 13166 | Lair:1   | Noticed Fannar
 13179 | Lair:1   | Killed Fannar
 14117 | Lair:2   | Found a staircase to the Swamp.
 14688 | Lair:3   | Received a gift from Trog
 15026 | Lair:3   | Found a staircase to the Snake Pit.
 15042 | Lair:3   | Reached XP level 13. HP: 112/118 MP: 12/12
 15805 | Lair:4   | You fall into a shaft and drop 2 floors!
 15805 | Lair:6   | Entered Level 6 of the Lair of Beasts
 16743 | Lair:5   | Found a staircase to the Slime Pits.
 16743 | Lair:5   | Found a viscous altar of Jiyva.
 17209 | Lair:6   | Received a gift from Trog
 18115 | Lair:6   | Reached XP level 14. HP: 129/129 MP: 13/13
 18386 | Lair:6   | Identified the amulet "Rakk" {Acrobat rElec rN+ Str+3}
 18386 | Lair:6   | Noticed Rupert
 18404 | Lair:6   | Killed Rupert
 19484 | D:12     | Noticed Psyche
 19492 | D:12     | Killed Psyche
 19578 | D:12     | Reached ****** piety under Trog
 19622 | D:12     | Found Fithamni's Armour Emporium.
 19680 | D:12     | Noticed Frances
 19688 | D:12     | Killed Frances
 19727 | D:12     | Found a runed translucent door.
 19729 | D:12     | Noticed Torax's ghost (novice FeIE)
 19748 | D:12     | Killed Torax's ghost
 20003 | D:12     | Received a gift from Trog
 20105 | Orc:1    | Entered Level 1 of the Orcish Mines
 20197 | Orc:2    | Entered Level 2 of the Orcish Mines
 20197 | Orc:2    | Found a frozen archway.
 20206 | IceCv    | Entered an ice cave
 20221 | IceCv    | Found a transporter.
 20250 | Orc:2    | Reached skill level 15 in Shields
 20428 | Orc:2    | Found a staircase to the Elven Halls.
 20863 | Orc:2    | Noticed Donald
 21291 | Orc:1    | Killed Donald
 21619 | Orc:2    | Found a roughly hewn altar of Beogh.
 21729 | Orc:2    | Found Milacw's Antique Armour Emporium.
 21729 | Orc:2    | Found Bithidde's Jewellery Shop.
 21731 | Orc:2    | Found Zicol's Gadget Boutique.
 21733 | Orc:2    | Found Coffis's Magic Scroll Shoppe.
 21745 | Orc:2    | Bought a scroll of enchant armour for 120 gold pieces
 21745 | Orc:2    | Bought a scroll of teleportation for 48 gold pieces
 21745 | Orc:2    | Bought a scroll of fear for 56 gold pieces
 21745 | Orc:2    | Bought a scroll of enchant armour for 120 gold pieces
 21767 | Orc:2    | Found a runed translucent gate.
 21767 | Orc:2    | Found a runed translucent gate.
 21767 | Orc:2    | Found a runed translucent gate.
 21768 | Orc:2    | Noticed Azzok's ghost (journeyman FoFi)
 21798 | Orc:2    | Received a gift from Trog
 22069 | Orc:2    | Killed Azzok's ghost
 22111 | Orc:2    | Upgraded the game from 0.24-a0-417-g1cce26a4d2 to
                  | 0.24-a0-422-g9eff3895ba
 22520 | D:13     | Found a portal to a secret trove of treasure.
 22584 | D:13     | Found Zaoruc's Book Shoppe.
 22689 | D:13     | Reached XP level 15. HP: 137/139 MP: 14/14
 23056 | D:13     | Found a gate to the Vaults.
 23481 | D:14     | Gained mutation: You are somewhat resistant to further
                  | mutation. [a neqoxec]
 23645 | D:14     | Received a gift from Trog
 23752 | D:14     | Found Haobrop's Magic Scroll Shoppe.
 23777 | D:14     | Bought 2 scrolls of identify for 60 gold pieces
 23777 | D:14     | Bought a scroll of enchant armour for 112 gold pieces
 23777 | D:14     | Bought a scroll of brand weapon for 300 gold pieces
 23777 | D:14     | Bought a scroll of teleportation for 45 gold pieces
 24798 | D:15     | Entered Level 15 of the Dungeon
 24846 | D:15     | Found a gate leading to a gauntlet.
 24861 | Gauntlet | Entered a Gauntlet
 24861 | Gauntlet | Found a transporter.
 24864 | Gauntlet | Found a transporter.
 24872 | Gauntlet | Reached skill level 15 in Fighting
 24873 | Gauntlet | Found a transporter.
 24873 | Gauntlet | Found a transporter.
 24876 | Gauntlet | Found a transporter.
 24895 | Gauntlet | Found a transporter.
 24908 | Gauntlet | Found a transporter.
 24927 | Gauntlet | Found a transporter.
 24952 | Gauntlet | Found a transporter.
 24978 | Gauntlet | Found a transporter.
 25227 | Gauntlet | Found a transporter.
 25451 | D:15     | Reached skill level 15 in Armour
 26109 | D:15     | Found a staircase to the Depths.
 26113 | D:15     | Received a gift from Trog
 26566 | Swamp:1  | Entered Level 1 of the Swamp
 27430 | Swamp:2  | Noticed Nikola
 27456 | Swamp:2  | Killed Nikola
 27493 | Swamp:2  | Paralysed by a hornet for 2 turns
 27876 | Swamp:2  | Reached XP level 16. HP: 124/151 MP: 15/15
 28329 | Swamp:3  | Noticed a thorn hunter
 28649 | Swamp:3  | Noticed a thorn hunter
 28666 | Swamp:3  | Killed a thorn hunter
 28780 | Swamp:3  | Received a gift from Trog
 29539 | Swamp:3  | Killed a thorn hunter
 29697 | Swamp:4  | Entered Level 4 of the Swamp
 29715 | Swamp:4  | Noticed a thorn hunter
 30099 | Swamp:4  | Killed a thorn hunter
 30240 | Swamp:4  | Identified Roxanne's Almanac of Shape Shifting
 30240 | Swamp:4  | Noticed Roxanne
 30480 | Swamp:4  | Noticed a thorn hunter
 30494 | Swamp:4  | Killed a thorn hunter
 30605 | Swamp:4  | Found a runed translucent gate.
 30605 | Swamp:4  | Found a runed translucent gate.
 30605 | Swamp:4  | Found a runed translucent gate.
 30606 | Swamp:4  | Noticed Hasart's ghost (journeyman DEFE)
 30617 | Swamp:4  | Killed Hasart's ghost
 30705 | Swamp:4  | Noticed the 27-headed Lernaean hydra
 30717 | Swamp:4  | Killed the 27-headed Lernaean hydra
 31094 | Swamp:4  | Killed Roxanne
 31094 | Swamp:4  | Received a gift from Trog
 31240 | Swamp:4  | Reached XP level 17. HP: 150/162 MP: 16/16
 31253 | Swamp:4  | Got a decaying rune of Zot
 31556 | Snake:1  | Entered Level 1 of the Snake Pit
 31599 | Snake:1  | Noticed Asterion
 31616 | Snake:1  | Killed Asterion
 32367 | Snake:1  | Found Risor's Magic Scroll Emporium.
 32375 | Snake:1  | Bought a scroll of enchant armour for 120 gold pieces
 32375 | Snake:1  | Bought a scroll of teleportation for 48 gold pieces
 32375 | Snake:1  | Bought a scroll of acquirement for 832 gold pieces
 32375 | Snake:1  | Bought a scroll of blinking for 120 gold pieces
 32381 | Snake:1  | Got a pair of smoking gloves
 32393 | Snake:1  | Identified the +1 pair of gloves of Valiance {*Corrode
                  | *Drain Str+8 Int+4} (You acquired it on level 1 of the
                  | Snake Pit)
 32576 | Snake:2  | Noticed Vashnia
 32917 | Snake:2  | Killed Vashnia
 33773 | Snake:2  | Found Muh Ygice's Jewellery Shop.
 33774 | Snake:2  | Found Izoats's Gadget Shoppe.
 33775 | Snake:2  | Found Asum's Jewellery Shop.
 34327 | Snake:3  | Received a gift from Trog
 34523 | Snake:3  | Noticed Aizul
 34538 | Snake:3  | Killed Aizul
 34662 | Snake:3  | Noticed Bai Suzhen
 34677 | Snake:3  | Killed Bai Suzhen
 34803 | Snake:3  | Received a gift from Trog
 34867 | Snake:3  | Noticed Kirke
 34867 | Snake:3  | Noticed Agnes
 34879 | Snake:3  | Killed Kirke
 34880 | Snake:3  | Killed Agnes
 35458 | Snake:4  | Entered Level 4 of the Snake Pit
 35460 | Snake:4  | Upgraded the game from 0.24-a0-422-g9eff3895ba to
                  | 0.24-a0-441-g27f0392e16
 35999 | Snake:4  | Reached XP level 18. HP: 176/176 MP: 17/17
 36671 | Snake:4  | Received a gift from Trog
 36907 | Snake:4  | Got a serpentine rune of Zot
 37314 | Vaults:1 | Entered Level 1 of the Vaults
 37594 | Lair:2   | Identified a +2 pair of boots of running (You found it on
                  | level 2 of the Lair of Beasts)
 38092 | Vaults:1 | Found Zeanusir's Distillery.
 38093 | Vaults:1 | Found Woexzutu's Book Shoppe.
 38176 | Vaults:1 | Bought a potion of curing for 36 gold pieces
 39205 | Vaults:1 | Found Eqeareim's Jewellery Boutique.
 39281 | Vaults:1 | Found Ritos's Book Emporium.
 39432 | Vaults:1 | Found Jiow Tia's Distillery.
 39442 | Vaults:1 | Bought a potion of curing for 57 gold pieces
 39442 | Vaults:1 | Bought a potion of curing for 57 gold pieces
 39562 | Vaults:1 | Received a gift from Trog
 39773 | Vaults:1 | Reached XP level 19. HP: 178/189 MP: 18/18
 40538 | Vaults:2 | Cast into level 2 of the Abyss (deep elf knight)
 40671 | Abyss:2  | Found a corrupted altar of Lugonu.
 41033 | Abyss:2  | Gained mutation: You are frail. (-10% HP) [a neqoxec]
 41046 | Abyss:2  | Lost intelligence.
 41127 | Abyss:2  | Noticed a bone dragon
 41143 | Abyss:2  | HP: 7/256 [bone dragon (7)]
 41147 | Abyss:2  | HP: 2/256 [raiju/living lightning (2)]
 41147 | Abyss:2  | Killed from afar by a raiju

Levels and vault maps discovered:
D:1:      dpeg_arrival_simpleton_b, layout_basic
D:2:      layout_basic, minitemple
D:3:      layout_rooms, lemuel_crystal_altar, first_ration
D:4:      layout_gridville, uniq_edmund
D:5:      layout_basic, grunt_dithmenos_shadows, minmay_temple_entry_wispy,
          elyvilon_altar_4
D:6:      layout_basic, serial_shops, shop, basic_altar, uniq_eustachio
D:7:      layout_basic, serial_shops,
          nicolae_shop_temple_entry_statues_fountains
D:8:      layout_rooms, serial_shops, nicolae_shop_behind_doors, shop,
          nicolae_shop_behind_doors, shop_fountains
D:9:      layout_loops_ring
D:10:     layout_rooms
D:11:     layout_basic, david_lair_shrubbed, minmay_orc_entry_temple_small,
          hangedman_little_slice_of_home, lemuel_tele_altar
D:12:     layout_roguey, ebering_ghost_inner_flame, serial_shops, shop,
          uniq_psyche, uniq_frances
D:13:     layout_irregular_city, hangedman_vaults_entry_quadrant_bands,
          serial_shops, shop_statue, enter_trove_1
D:14:     layout_long_grid, serial_shops, shop_scrolls, minmay_crystal_room,
          serial_co_window_serial, co_window_of_opportunity_a,
          co_window_of_opportunity_a, co_window_corner_a, co_window_paths_a,
          co_window_paths_a, co_window_corner_a, co_window_paths_a,
          co_window_paths_a, co_window_corner_a, co_window_broadway_a,
          co_window_corner_b, co_window_unsneaky_path_e, co_window_corner_b,
          co_window_4corner_a, glass_columns_b, glass_columns_a,
          glass_columns_a, glass_columns_b, glass_columns_a
D:15:     gammafunk_enter_depths_forms, layout_long_grid, gauntlet_entry_generic
Temple:   nicolae_temple_no_exploring_needed
Lair:1:   wad_woods_minihive, layout_regular_city, lemuel_fruit_tree,
          grunt_megastairs_4, uniq_fannar, uniq_nergalle
Lair:2:   layout_loops_ring, skrybe_swamp_entry_bodies, grunt_megastairs_2
Lair:3:   layout_roguey, guppyfry_snake_entry_garden
Lair:4:   layout_misc_corridors, kennysheep_basilisk_garden, grunt_megastairs_3
Lair:5:   layout_roguey, slime_altar_1, st_stairs_10, lookout_lair_type,
          beast_lair_carwin_11
Lair:6:   minmay_lair_end_frog_pond, layout_loops_ring,
          cheibrodos_lair_lostbears, uniq_rupert
Swamp:1:  layout_basic_swamp, hangedman_swamp_ruin_hall, swamp_pool5,
          nicolae_swamp_feature_on_the_river_bank
Swamp:2:  layout_basic_swamp, evilmike_swamp_ruin_house_2, uniq_nikola
Swamp:3:  layout_basic_swamp, serial_swamp_ruin, evilmike_swamp_ruin_house_1,
          evilmike_swamp_ruin_house_3, evilmike_swamp_ruin_rubble_1,
          swamp_pool1, cheibrodos_swamp_slimy
Swamp:4:  swamp_old_school, layout_basic_swamp, gammafunk_ghost_hydra_chop,
          swamp_pool5, hangedman_swamp_cone, infiniplex_staircase_pool,
          uniq_roxanne
Snake:1:  layout_grid_maze, serial_shops, nicolae_shop_stone, uniq_asterion
Snake:2:  layout_layer_cave, minmay_shop_grove, uniq_vashnia
Snake:3:  layout_grid_maze, uniq_bai_suzhen, uniq_kirke, uniq_aizul, uniq_agnes
Snake:4:  minmay_snake_end_coiled, layout_cave_town
Orc:1:    layout_caves, uniq_josephine
Orc:2:    st_orc_rangers, layout_caves, portal_ice_cave_entry_pillars_1,
          ebering_ghost_rock_garden, mumra_transporter_accident,
          nicolae_orc_lost_temple, uniq_donald
Vaults:1: hangedman_vaults_stretched_pinwheel, vaults_mumra_minichess,
          nicolae_vaults_network_quinsquares
          [nicolae_vaults_network_quincunx_subvault,
          nicolae_vaults_network_quincunx_subvault,
          nicolae_vaults_network_quincunx_subvault,
          nicolae_vaults_network_quincunx_subvault],
          nicolae_vaults_ninety_degrees, nicolae_vaults_border_crossing,
          ontoclasm_vaults_fault, layout_vaults_chaotic_city, serial_shops,
          shop, shop, nicolae_shop_waterfront, nicolae_shop_waterfront,
          nicolae_shop_behind_doors
Vaults:2: minmay_crypt_entry_simple_round,
          nicolae_vaults_good_morning_starshine, nicolae_vaults_network_s,
          nicolae_vaults_angled_halls, serial_ice_b, grunt_vaults_bifocal,
          vaults_mumra_hexcomb, vaults_room_fancy_cross, vaults_dpeg_diagonal,
          nicolae_vaults_little_squares_3, nicolae_vaults_alarming,
          vaults_room_corners, layout_vaults_big_cross, basic_altar
Abyss:2:  hangedman_abyss_or_decor_stabs

Skill      XL: |  1  2  3  4  5  6  7  8  9 10 11 12 13 14 15 16 17 18 |
---------------+-------------------------------------------------------+-----
Axes           | 4 5 6 8 9 11 13 14 16 17 18 20 | 20.0
Fighting       | 4 5 6 7 8 9 11 12 13 14 16 17 19 21 | 21.8
Armour         | 3 4 5 6 8 9 10 12 13 14 15 17 19 21 | 21.7
Shields        | 2 4 5 7 8 10 11 13 15 16 | 16.0
Dodging        | |  2.5

Action                   |  1- 3 |  4- 6 |  7- 9 | 10-12 | 13-15 | 16-18 | 19-21 || total
-------------------------+-------+-------+-------+-------+-------+-------+-------++-------
Melee: Hand axe          |    70 |   108 |   333 |   901 |       |       |       ||  1412
       Headbutt          |     7 |    15 |    73 |   207 |   306 |   269 |    37 ||   914
       War axe           |       |       |       |    45 |   549 |       |       ||   594
       Broad axe         |       |       |       |       |   677 |  1033 |   150 ||  1860
Invok: Berserk           |       |     2 |     4 |    12 |    11 |    14 |     1 ||    44
       Trog's Hand       |       |     1 |     2 |     4 |     8 |    28 |     3 ||    46
Evoke: Lamp of fire      |       |       |       |       |       |     1 |       ||     1
  Use: Scroll            |       |       |    16 |    11 |    23 |    11 |     4 ||    65
       Potion            |       |       |     1 |     6 |     2 |     3 |     6 ||    18
 Stab: Petrified         |       |       |       |       |     4 |       |       ||     4
       Invisible         |       |       |       |       |       |     1 |       ||     1
  Eat: Chunk             |     1 |     3 |    17 |    11 |    36 |    13 |     3 ||    84
       Ration            |       |     1 |     2 |     8 |     6 |    14 |     1 ||    32
Armor: Animal skin       |     4 |       |       |       |       |       |       ||     4
       Leather armour    |     3 |       |       |       |       |       |       ||     3
       Ring mail         |    17 |    31 |    80 |       |       |       |       ||   128
       Plate armour      |       |       |    36 |   350 |   340 |   389 |    75 ||  1190
       Skin              |       |       |       |       |       |       |    41 ||    41
Dodge: Dodged            |    40 |    35 |   140 |   240 |   268 |   327 |   139 ||  1189
Block: Buckler           |       |       |    44 |   179 |       |       |       ||   223
       Shield            |       |       |       |    17 |   716 |   682 |   207 ||  1622

Table legend:
 A = Non-vault XP
 B = Vault XP
 C = Vault XP percentage of total XP
 D = Non-vault monster count
 E = Vault monster count
 F = Vault count percentage of total count
                 A         B        C        D         E       F
            +---------+---------+-------+---------+---------+-------
      Total |  252296 |  156911 |  38.3 |     854 |     358 |  29.5
            +---------+---------+-------+---------+---------+-------
        D:1 |      36 |       0 |   0.0 |      17 |       0 |   0.0
        D:2 |     120 |       0 |   0.0 |      22 |       0 |   0.0
        D:3 |      35 |       0 |   0.0 |      15 |       0 |   0.0
        D:4 |     262 |     171 |  39.5 |      11 |       1 |   8.3
        D:5 |     304 |      11 |   3.5 |      19 |       1 |   5.0
        D:6 |    1148 |     214 |  15.7 |      22 |       1 |   4.3
        D:7 |    1085 |       0 |   0.0 |      24 |       0 |   0.0
        D:8 |    1205 |       0 |   0.0 |      26 |       0 |   0.0
        D:9 |     730 |       0 |   0.0 |      15 |       0 |   0.0
       D:10 |    4969 |       0 |   0.0 |      36 |       0 |   0.0
       D:11 |    3723 |     981 |  20.9 |      27 |      19 |  41.3
       D:12 |    4134 |    3412 |  45.2 |      26 |       4 |  13.3
       D:13 |    7377 |    7916 |  51.8 |      30 |      19 |  38.8
       D:14 |    9215 |       0 |   0.0 |      52 |       0 |   0.0
       D:15 |   12329 |    3440 |  21.8 |      26 |       9 |  25.7
     Temple |     124 |       0 |   0.0 |       1 |       0 |   0.0
     Lair:1 |    6284 |    6848 |  52.1 |      33 |      56 |  62.9
     Lair:2 |    5299 |     265 |   4.8 |      25 |       1 |   3.8
     Lair:3 |    4020 |     470 |  10.5 |      17 |       3 |  15.0
     Lair:4 |    3858 |    1126 |  22.6 |      14 |       5 |  26.3
     Lair:5 |    3705 |    3724 |  50.1 |      15 |      10 |  40.0
     Lair:6 |    7613 |   17238 |  69.4 |      35 |      56 |  61.5
    Swamp:1 |    5628 |       0 |   0.0 |      10 |       0 |   0.0
    Swamp:2 |    9163 |    3516 |  27.7 |      29 |       1 |   3.3
    Swamp:3 |   19652 |     924 |   4.5 |      42 |       1 |   2.3
    Swamp:4 |   13261 |   24352 |  64.7 |      20 |      26 |  56.5
    Snake:1 |    7046 |    2673 |  27.5 |      13 |       1 |   7.1
    Snake:2 |   17420 |    7089 |  28.9 |      33 |       4 |  10.8
    Snake:3 |   22357 |   11312 |  33.6 |      32 |       7 |  17.9
    Snake:4 |   16905 |   22117 |  56.7 |      31 |      43 |  58.1
      Orc:1 |     307 |    2214 |  87.8 |       6 |       2 |  25.0
      Orc:2 |    2452 |    6126 |  71.4 |      24 |      37 |  60.7
   Vaults:1 |   37756 |   22241 |  37.1 |      64 |      28 |  30.4
   Vaults:2 |   15743 |    3806 |  19.5 |      22 |       7 |  24.1
    Abyss:2 |    7031 |       0 |   0.0 |      20 |       0 |   0.0
      IceCv |       0 |    1326 | 100.0 |       0 |       7 | 100.0
   Gauntlet |       0 |    3399 | 100.0 |       0 |       9 | 100.0
            +---------+---------+-------+---------+---------+-------
